PAA
MYRTLE BEACH MERMEN @ ASHEVILLE HIGHLANDERS
06/21/2029
 
TOP OF THE 1ST
Myrtle Beach Mermen batting - Pitching for Asheville Highlanders : RHP Chris Plummerton
Pitching: RHP Chris Plummerton
Batting: LHB Wilson López 0-0: Ball
1-0: SINGLE (Line Drive, 6MD)
Batting: RHB Carlos González 0-0: Ball
Wilson López steals 2nd base
1-0: Called Strike
1-1: Called Strike
1-2: DOUBLE (Groundball, 3L)
Wilson López scores
Batting: RHB Sergio Pérez 0-0: Ground out 5-3 (Groundball, 5)
Batting: SHB Alex Mable 0-0: Called Strike
0-1: Fly out, F8 (Flyball, 78D)
Batting: RHB John O'Neil 0-0: Foul Ball, location: 2F
0-1: Swinging Strike
0-2: Strikes out swinging
Top of the 1st over - 1 run, 2 hits, 0 errors, 1 left on base; Myrtle Beach 1 - Asheville 0
BOTTOM OF THE 1ST
Asheville Highlanders batting - Pitching for Myrtle Beach Mermen : LHP Risto Hannila
Pitching: LHP Risto Hannila
Batting: RHB Esteban Olivo 0-0: Foul Ball, location: 2F
0-1: Foul Ball, location: 2F
0-2: Ball
1-2: Foul Ball, location: 2F
1-2: Ground out 5-3 (Groundball, 56S)
Batting: LHB Tomás Valenzuela 0-0: Called Strike
0-1: Ball
1-1: Foul Ball, location: 2F
1-2: Ball
2-2: Strikes out swinging
Batting: RHB Enrique Rocha 0-0: Called Strike
0-1: Ball
1-1: Called Strike
1-2: Strikes out swinging
Bottom of the 1st over - 0 runs, 0 hits, 0 errors, 0 left on base; Myrtle Beach 1 - Asheville 0
TOP OF THE 2ND
Myrtle Beach Mermen batting - Pitching for Asheville Highlanders : RHP Chris Plummerton
Batting: RHB Éric Leroux 0-0: Ball
1-0: Ball
2-0: Ball
3-0: Called Strike
3-1: DOUBLE (Flyball, 8RD)
Batting: RHB Jean Lechuga 0-0: Called Strike
0-1: Ball
1-1: SINGLE (Flyball, 7S)
Éric Leroux to third
Batting: RHB Maik Palen 0-0: Called Strike
0-1: Ball
1-1: Foul Ball, location: 2F
1-2: Ball
2-2: Ball
3-2: Grounds into double play, 6-4-3 (Groundball, 6M)
Éric Leroux scores
Batting: RHB Elijah Seymour 0-0: Ground out 6-3 (Groundball, 56)
Top of the 2nd over - 1 run, 2 hits, 0 errors, 0 left on base; Myrtle Beach 2 - Asheville 0
BOTTOM OF THE 2ND
Asheville Highlanders batting - Pitching for Myrtle Beach Mermen : LHP Risto Hannila
Batting: RHB Víctor Hernández 0-0: Fly out, F8 (Flyball, 8RD)
Batting: RHB Gil Simmons 0-0: Ball
1-0: Ball
2-0: Called Strike
2-1: Fly out, F6 (Popup, P)
Batting: RHB Mario Jacome 0-0: Ball
1-0: Foul Ball, location: 2F
1-1: Ball
2-1: Swinging Strike
2-2: Foul Ball, location: 2F
2-2: Ball
3-2: Strikes out swinging
Bottom of the 2nd over - 0 runs, 0 hits, 0 errors, 0 left on base; Myrtle Beach 2 - Asheville 0
TOP OF THE 3RD
Myrtle Beach Mermen batting - Pitching for Asheville Highlanders : RHP Chris Plummerton
Batting: LHB Wilson López 0-0: Called Strike
0-1: Ball
1-1: Swinging Strike
1-2: Ball
2-2: SINGLE (Groundball, 56D)
Batting: RHB Carlos González 0-0: Grounds into double play, 5-4-3 (Groundball, 56)
Batting: RHB Sergio Pérez 0-0: Called Strike
0-1: Ball
1-1: Foul Ball, location: 2F
1-2: Ball
2-2: DOUBLE (Line Drive, 7LD) - OUT at third base trying to stretch hit.
Top of the 3rd over - 0 runs, 2 hits, 0 errors, 0 left on base; Myrtle Beach 2 - Asheville 0
BOTTOM OF THE 3RD
Asheville Highlanders batting - Pitching for Myrtle Beach Mermen : LHP Risto Hannila
Batting: RHB Marshall Attwood 0-0: Ball
1-0: Called Strike
1-1: Ball
2-1: Swinging Strike
2-2: Ball
3-2: Fly out, F8 (Flyball, 8LS)
Batting: RHB Ron Spence 0-0: Ball
1-0: Ball
2-0: Fly out, F9 (Flyball, 9)
Batting: RHB Mason Holling 0-0: Called Strike
0-1: Ball
1-1: Ball
2-1: Ball
3-1: Base on Balls
Batting: RHB Esteban Olivo 0-0: Ball
1-0: Foul Ball, location: 2F
1-1: Ball
2-1: Ground out 4-3 (Groundball, 4)
Bottom of the 3rd over - 0 runs, 0 hits, 0 errors, 1 left on base; Myrtle Beach 2 - Asheville 0
TOP OF THE 4TH
Myrtle Beach Mermen batting - Pitching for Asheville Highlanders : RHP Chris Plummerton
Batting: SHB Alex Mable 0-0: Called Strike
0-1: Ground out 4-3 (Groundball, 4)
Batting: RHB John O'Neil 0-0: Ball
1-0: Called Strike
1-1: Foul Ball, location: 2F
1-2: SINGLE (Flyball, 9LS)
Batting: RHB Éric Leroux 0-0: Called Strike
0-1: Ball
1-1: Foul Ball, location: 2F
1-2: Ball
2-2: Strikes out swinging
Batting: RHB Jean Lechuga 0-0: Ball
1-0: Ground out 5-3 (Groundball, 56S)
Top of the 4th over - 0 runs, 1 hit, 0 errors, 1 left on base; Myrtle Beach 2 - Asheville 0
BOTTOM OF THE 4TH
Asheville Highlanders batting - Pitching for Myrtle Beach Mermen : LHP Risto Hannila
Batting: LHB Tomás Valenzuela 0-0: Foul Ball, location: 2F
0-1: SINGLE (Flyball, 9S)
Batting: RHB Enrique Rocha 0-0: Fly out, F3 (Popup, 23F)
Batting: RHB Víctor Hernández 0-0: Ball
1-0: Called Strike
1-1: Ball
2-1: Grounds into double play, 4-6-3 (Groundball, 4)
Bottom of the 4th over - 0 runs, 1 hit, 0 errors, 0 left on base; Myrtle Beach 2 - Asheville 0
TOP OF THE 5TH
Myrtle Beach Mermen batting - Pitching for Asheville Highlanders : RHP Chris Plummerton
Batting: RHB Maik Palen 0-0: Foul Ball, location: 2F
0-1: Foul Ball, location: 2F
0-2: Hit by Pitch
Batting: RHB Elijah Seymour 0-0: Bunted foul
0-1: Reached on error, E2 (Groundball, 2R)
Maik Palen to third
Batting: LHB Wilson López 0-0: SINGLE (Groundball, 4) (infield hit)
Maik Palen scores
Elijah Seymour to third
Batting: RHB Carlos González 0-0: Ball
1-0: Called Strike
1-1: Ball
2-1: Fly out, F8 (Flyball, 8RXD)
Runner from 3rd tags up, SCORES, no throw
Batting: RHB Sergio Pérez 0-0: Foul Ball, location: 2F
0-1: Foul Ball, location: 2F
0-2: Ball
1-2: Ball
2-2: Foul Ball, location: 2F
2-2: Grounds into double play, 5-4-3 (Groundball, 56)
Top of the 5th over - 2 runs, 1 hit, 1 error, 0 left on base; Myrtle Beach 4 - Asheville 0
BOTTOM OF THE 5TH
Asheville Highlanders batting - Pitching for Myrtle Beach Mermen : LHP Risto Hannila
Batting: RHB Gil Simmons 0-0: Hit by Pitch
Batting: RHB Mario Jacome 0-0: Called Strike
0-1: Ball
1-1: Ground out 5-3 (Groundball, 56S)
Gil Simmons to second
Batting: RHB Marshall Attwood 0-0: Ball
1-0: Called Strike
1-1: Ball
2-1: Ball
3-1: Base on Balls
Batting: RHB Ron Spence 0-0: Called Strike
0-1: Called Strike
Gil Simmons steals 3rd base
0-2: Ball
1-2: Foul Ball, location: 2F
1-2: Ball
2-2: Grounds into double play, 6-4-3 (Groundball, 56)
Bottom of the 5th over - 0 runs, 0 hits, 0 errors, 1 left on base; Myrtle Beach 4 - Asheville 0
TOP OF THE 6TH
Myrtle Beach Mermen batting - Pitching for Asheville Highlanders : RHP Chris Plummerton
Batting: SHB Alex Mable 0-0: Ball
1-0: Foul Ball, location: 2F
1-1: Called Strike
1-2: SINGLE (Groundball, 4D)
Batting: RHB John O'Neil 0-0: Called Strike
0-1: Foul Ball, location: 2F
0-2: Strikes out swinging
Pitching: RHP Luis López
Batting: RHB Éric Leroux 0-0: SINGLE (Line Drive, 4D)
Alex Mable to second
Batting: RHB Jean Lechuga 0-0: Ground out 5-3 (Groundball, 56S)
Alex Mable to third
Éric Leroux to second
Batting: RHB Maik Palen 0-0: Called Strike
0-1: Foul Ball, location: 2F
0-2: Ball
1-2: Foul Ball, location: 2F
1-2: Ground out 6-3 (Groundball, 6)
Top of the 6th over - 0 runs, 2 hits, 0 errors, 2 left on base; Myrtle Beach 4 - Asheville 0
BOTTOM OF THE 6TH
Asheville Highlanders batting - Pitching for Myrtle Beach Mermen : LHP Risto Hannila
Batting: RHB Mason Holling 0-0: Ball
1-0: Called Strike
1-1: Swinging Strike
1-2: Foul Ball, location: 2F
1-2: Ground out 6-3 (Groundball, 6)
Batting: RHB Esteban Olivo 0-0: Ball
1-0: Called Strike
1-1: Ball
2-1: Ground out 2-3 (Groundball, 2L)
Batting: LHB Tomás Valenzuela 0-0: SINGLE (Line Drive, 34)
Batting: RHB Enrique Rocha 0-0: Ball
Tomás Valenzuela steals 2nd base
1-0: Called Strike
1-1: Ball
2-1: SINGLE (Line Drive, 3D)
Tomás Valenzuela to third
Runner from 3rd tries for Home, SAFE, throw made home
Batting: RHB Víctor Hernández 0-0: Ball
1-0: SINGLE (Line Drive, 6MD)
Enrique Rocha to second
Batting: RHB Gil Simmons 0-0: Fly out, F7 (Flyball, 7LDF)
Bottom of the 6th over - 1 run, 3 hits, 0 errors, 2 left on base; Myrtle Beach 4 - Asheville 1
TOP OF THE 7TH
Myrtle Beach Mermen batting - Pitching for Asheville Highlanders : RHP Luis López
Batting: RHB Elijah Seymour 0-0: Ball
1-0: Ground out 1-3 (Groundball, 15)
Batting: LHB Wilson López 0-0: Ball
1-0: Called Strike
1-1: Called Strike
1-2: Ground out 4-3 (Groundball, 34)
Batting: RHB Carlos González 0-0: Swinging Strike
0-1: Foul Ball, location: 2F
0-2: Ball
1-2: Foul Ball, location: 2F
1-2: Strikes out looking
Top of the 7th over - 0 runs, 0 hits, 0 errors, 0 left on base; Myrtle Beach 4 - Asheville 1
BOTTOM OF THE 7TH
Asheville Highlanders batting - Pitching for Myrtle Beach Mermen : LHP Risto Hannila
Batting: RHB Mario Jacome 0-0: Ball
1-0: Ball
2-0: Ball
3-0: Called Strike
3-1: Ground out 5-3 (Groundball, 56)
Batting: RHB Marshall Attwood 0-0: Called Strike
0-1: Called Strike
0-2: SINGLE (Groundball, 56D)
Batting: RHB Ron Spence 0-0: Ball
1-0: Called Strike
1-1: Foul Ball, location: 2F
1-2: Fly out, F7 (Flyball, 7S)
Batting: RHB Mason Holling 0-0: Foul Ball, location: 2F
0-1: 2-RUN HOME RUN (Flyball, 7D), Distance : 405 ft
Batting: RHB Esteban Olivo 0-0: Ground out 5-3 (Groundball, 5)
Bottom of the 7th over - 2 runs, 2 hits, 0 errors, 0 left on base; Myrtle Beach 4 - Asheville 3
TOP OF THE 8TH
Myrtle Beach Mermen batting - Pitching for Asheville Highlanders : RHP Luis López
Batting: RHB Sergio Pérez 0-0: Called Strike
0-1: Ball
1-1: Ball
2-1: Ball
3-1: Swinging Strike
3-2: Ground out 6-3 (Groundball, 6)
Batting: SHB Alex Mable 0-0: Ball
1-0: Ball
2-0: Swinging Strike
2-1: Foul Ball, location: 2F
2-2: Strikes out swinging, 2-3 out at first.
Batting: RHB John O'Neil 0-0: Ball
1-0: Foul Ball, location: 2F
1-1: Swinging Strike
1-2: Ball
2-2: SINGLE (Line Drive, 89S)
Batting: RHB Éric Leroux 0-0: Called Strike
0-1: Ball
1-1: Ball
2-1: SINGLE (Line Drive, 56D)
John O'Neil to second
Batting: RHB Jean Lechuga 0-0: Swinging Strike
0-1: Ball
1-1: Ball
2-1: Foul Ball, location: 2F
2-2: Ball
3-2: Strikes out swinging
Top of the 8th over - 0 runs, 2 hits, 0 errors, 2 left on base; Myrtle Beach 4 - Asheville 3
BOTTOM OF THE 8TH
Asheville Highlanders batting - Pitching for Myrtle Beach Mermen : LHP Risto Hannila
Batting: LHB Tomás Valenzuela 0-0: Foul Ball, location: 2F
0-1: Fly out, F6 (Popup, 6)
Batting: RHB Enrique Rocha 0-0: Called Strike
0-1: Ball
1-1: Ball
2-1: Swinging Strike
2-2: Ball
3-2: DOUBLE (Line Drive, 7LD)
Batting: RHB Víctor Hernández 0-0: Reached on error, E7 (Flyball, 78D)
Enrique Rocha scores
Pinch Hitting: RHB Bob Miller 0-0: Ball
1-0: Reached on error, E8 (Flyball, 8RD)
Víctor Hernández scores
Batting: RHB Mario Jacome 0-0: Ball
1-0: SINGLE (Line Drive, 6)
Bob Miller to third
Batting: RHB Marshall Attwood 0-0: Ball
1-0: Fly out, F5 (Line Drive, 5F)
Pitching: LHP Guus Ketting
Batting: RHB Ron Spence 0-0: Swinging Strike
0-1: Called Strike
0-2: Strikes out swinging, 2-3 out at first.
Bottom of the 8th over - 2 runs, 2 hits, 2 errors, 2 left on base; Myrtle Beach 4 - Asheville 5
TOP OF THE 9TH
Myrtle Beach Mermen batting - Pitching for Asheville Highlanders : RHP Luis López
Now at 3B: Fernando Arévalo
Batting: RHB Maik Palen 0-0: Fly out, F7 (Flyball, 7)
Batting: RHB Elijah Seymour 0-0: Called Strike
0-1: Ball
1-1: Swinging Strike
1-2: Strikes out swinging
Batting: LHB Wilson López 0-0: Called Strike
0-1: SINGLE (Flyball, 3D)
Batting: RHB Carlos González 0-0: Ball
1-0: Fly out, F7 (Flyball, 7D)
Top of the 9th over - 0 runs, 1 hit, 0 errors, 1 left on base; Myrtle Beach 4 - Asheville 5
Tuesday, December 19th, 2017 - OOTP Baseball 18.8 Build 76